 Dungeon Crawl Stone Soup version 0.16-a0-691-g21e4870 (webtiles) character file.

364 RobertPalmer the Covert (level 6, -11/39 HPs)
             Began as an Octopode Assassin on Sept 19, 2014.
             Killed from afar by Pikel (12 damage)
             ... with an exploding inner flame
             ... hexed by the player character
             ... on Level 5 of the Dungeon.
             The game lasted 00:11:30 (3674 turns).

RobertPalmer the Covert (Octopode Assassin)         Turns: 3674, Time: 00:11:31

HP -11/39        AC  3     Str 15      XL: 6   Next: 67%
MP   6/6         EV 17     Int 13      God:
Gold 177         SH  0     Dex 21      Spells:  0 memorised,  5 levels left

rFire  . . .     SeeInvis .     a - +2 dagger (speed)
rCold  . . .     Clarity  .     (no shield)
rNeg   . . .     rCorr    .     y - +2 hat
rPois  +         rRot     .     B - amulet of the gourmand
rElec  .         Spirit   .     v - ring of poison resistance
SustAb .         Warding  .     (no ring)
rMut   .         Stasis   .     (no ring)
Gourm  +                        (no ring)
MR     .....                    (no ring)
                                (no ring)
                                (no ring)
                                (no ring)

@: mighty, agile, not resistant to hostile enchantments, extremely stealthy
A: almost no armour, amphibious, 8 rings, constrict 8, camouflage 1, gelatinous
body 1
a: no special abilities


You were on level 5 of the Dungeon.
You were not hungry.

You visited 1 branch of the dungeon, and saw 5 of its levels.

You collected 281 gold pieces.
You spent 104 gold pieces at shops.


Innate Abilities, Weirdness & Mutations

You cannot wear most types of armour.
You are amphibious.
You can wear up to eight rings at the same time.
You can use your tentacles to constrict many enemies at once.
Your skin changes colour to match your surroundings (Stealth).
Your rubbery body absorbs attacks (AC +1).


   Skills:
 - Level 2.0 Fighting
 - Level 2.0 Short Blades
 - Level 2.0 Throwing
 - Level 1.0 Dodging
 + Level 10.7 Stealth


You had 5 spell levels left.
You didn't know any spells.

Inventory:

Hand weapons
 a - a +2 dagger of speed (weapon)
 b - a +0 blowgun
Missiles
 e - 19 poisoned needles
 f - 2 curare-tipped needles
 k - 8 tomahawks (quivered)
Armour
 y - a +2 hat (worn)
Comestibles
 g - 2 bread rations
 i - a beef jerky
 m - a meat ration
 w - a fruit
 A - a slice of pizza
Scrolls
 d - 2 scrolls of recharging
 n - 4 scrolls of identify
 o - a scroll of remove curse
Jewellery
 h - an uncursed amulet of resist mutation
 l - an uncursed ring of fire
 v - a ring of poison resistance (left tentacle)
 B - an amulet of the gourmand (around mantle)
Potions
 c - 2 potions of heal wounds
 j - a potion of brilliance
 t - 3 potions of curing

Dungeon Overview and Level Annotations

Branches:
Dungeon (5/15)
 Temple: D:4-7

Altars:

Shops:
D:4 %?[*}

Annotations:
D:3 RobertPalmer's ghost, average OpAs

#Zp###.....
#...##8...
#..## ##8#
....#######
###
......p...#
#.#
..##.####.#
#.# #. #.#
#.# #§# ..
..# #.# #§#
#.#### #.#
#@# #. #.#
#§# . #.#
#p# #.#
#§## #.#
#..# #.#
##.# #%#
#.#
#.#######.#
#.........#


You could see a slave (inner flame).


Message History

You don't know any spells.
Unknown command.
You barely miss Pikel. You grab Pikel. You constrict Pikel.
Pikel says, "You'll feel the lick of my whip!"
Pikel closely misses you.
You puncture Pikel!
Pikel is moderately wounded.
You constrict Pikel. Pikel hits you with a whip of freezing.
* * * LOW HITPOINT WARNING * * *
Pikel freezes you.
* * * LOW HITPOINT WARNING * * *
You hit Pikel. You squeeze Pikel.
Pikel is heavily wounded.
You constrict Pikel. You slash Pikel!
Pikel is severely wounded.
Pikel misses you.
You hit Pikel.
Pikel is severely wounded.
You constrict Pikel. You hit Pikel.
Pikel is almost dead.
Pikel hits you with a whip of freezing.
* * * LOW HITPOINT WARNING * * *
Pikel freezes you.
* * * LOW HITPOINT WARNING * * *
You puncture Pikel!
Pikel explodes!
The fiery explosion engulfs you!
You die...

Action                   |  1- 3 |  4- 6 || total
-------------------------+-------+-------++-------
Melee: Dagger            |    58 |    83 ||   141
 Fire: Blowgun           |     7 |    18 ||    25
Throw: Tomahawk          |     3 |     6 ||     9
  Use: Scroll            |     2 |    11 ||    13
       Potion            |       |     3 ||     3
 Stab: Sleeping          |     8 |    22 ||    30
       Distracted        |     1 |     1 ||     2
  Eat: Chunk             |     1 |     7 ||     8

Vault maps used:
D:1:      grunt_arrival_crossed_arrows, grunt_decor_fettered
D:2:      first_bread, minmay_quantized
D:4:      serial_shops, shop, shop_statue, kennysheep_mini, shop_statue, shop,
          minivault_11, uniq_natasha
D:5:      nicolae_overflow_hidden_temple, uniq_pikel

Notes
Turn   | Place    | Note
--------------------------------------------------------------
     0 | D:1      | RobertPalmer, the Octopode Assassin, began the quest for the Orb.
     0 | D:1      | Reached XP level 1. HP: 14/14 MP: 1/1
   241 | D:1      | Reached XP level 2. HP: 17/19 MP: 2/2
   269 | D:1      | Reached skill level 6 in Stealth
   880 | D:2      | Reached XP level 3. HP: 24/24 MP: 3/3
  1002 | D:2      | Reached skill level 7 in Stealth
  1287 | D:2      | Reached XP level 4. HP: 29/29 MP: 4/4
  1670 | D:2      | Reached skill level 8 in Stealth
  2161 | D:3      | Reached XP level 5. HP: 25/34 MP: 5/5
  2426 | D:3      | Noticed RobertPalmer's ghost (average OpAs)
  2748 | D:3      | Reached skill level 9 in Stealth
  2885 | D:4      | Noticed Natasha
  2888 | D:4      | Killed Natasha
  2920 | D:4      | Found Treuv's Antique Armour Shoppe.
  2932 | D:4      | Bought a runed hat for 104 gold pieces
  2994 | D:4      | Found Khiq's Food Shop.
  3020 | D:4      | Found Kacian's Magic Scroll Boutique.
  3079 | D:4      | Noticed an ogre
  3098 | D:4      | Killed an ogre
  3098 | D:4      | Reached skill level 10 in Stealth
  3098 | D:4      | Reached XP level 6. HP: 39/39 MP: 6/6
  3206 | D:4      | Found Aveel's Gadget Boutique.
  3271 | D:4      | Found Erphaqilif's Assorted Antiques.
  3495 | D:5      | Entered Level 5 of the Dungeon
  3518 | D:5      | Noticed Pikel
  3673 | D:5      | HP: 1/39 [Pikel/whip of freezing (3)]
  3674 | D:5      | Killed Pikel
  3674 | D:5      | Killed from afar by Pikel

Vanquished Creatures
  An ogre (D:4)
  An orc priest (D:5)
  A jelly (D:5)
  Natasha (D:4)
  An iguana (D:4)
  10 adders
  4 worms
  3 giant geckos
  2 orcs (D:5)
  A ball python (D:2)
  8 bats
  5 giant cockroaches
  8 hobgoblins
  A quokka (D:4)
  8 giant newts
  6 goblins
  A goblin skeleton (D:4)
  4 kobolds
  A kobold skeleton (D:4)
  10 rats
77 creatures vanquished.
